 Dungeon Crawl Stone Soup version 0.16.1-2-g95b8d4c (webtiles) character file.

142 wojtek the Cutter (level 5, -1/30 HPs)
             Began as a Kobold Assassin on Mar 25, 2015.
             Killed by nerve-wracking pain
             ... invoked by an orc priest
              (8 damage)
             ... on level 3 of the Dungeon.
             The game lasted 00:03:25 (2678 turns).

wojtek the Cutter (Kobold Assassin)                 Turns: 2678, Time: 00:03:25

Health: -1/30      AC:  3    Str: 10    XL:     5   Next: 49%
Magic:  5/5        EV: 14    Int: 10    God:
Gold:   175        SH:  0    Dex: 17    Spells: 0 memorised, 4 levels left

rFire  . . .     SeeInvis .     b - +0 blowgun
rCold  . . .     Clarity  .     c - +0 robe
rNeg   . . .     SustAb   .     (no shield)
rPois  .         Gourm    .     (no helmet)
rElec  .         Spirit   .     d - +0 cloak
rCorr  .         Warding  .     (no gloves)
rMut   .         Stasis   .     (no boots)
MR     .....                    (no amulet)
Stlth  +++.......               (no ring)
                                (no ring)

@: not resistant to hostile enchantments, fairly stealthy
A: carnivore 3
a: no special abilities


You were on level 3 of the Dungeon.
You were completely stuffed.

You visited 1 branch of the dungeon, and saw 4 of its levels.

You collected 175 gold pieces.

Inventory:

Hand weapons
 a - a +2 dagger
 b - a +0 blowgun (weapon)
 h - a +2 dagger of distortion
Missiles
 e - 5 poisoned needles (quivered)
 f - 2 curare-tipped needles
Armour
 c - a +0 robe (worn)
 d - a +0 cloak (worn)
Magical devices
 m - a wand of flame (27)
Scrolls
 i - a scroll of immolation {unknown}
 j - a scroll of identify {unknown}
 k - a scroll of teleportation {unknown}
 o - 2 scrolls of remove curse {unknown}
 r - a scroll of recharging {unknown}
 u - a scroll of enchant armour {unknown}
Potions
 n - a potion of degeneration {unknown}
 q - a potion of restore abilities {unknown}
 s - a potion of agility {unknown}
 t - a potion of curing
 v - a potion of magic {unknown}
Comestibles
 g - 2 meat rations
 l - a chunk of flesh
 p - a slice of pizza


   Skills:
 - Level 2.1 Fighting
 + Level 7.0 Short Blades
 - Level 2.6 Throwing
 - Level 1.2 Dodging
 - Level 5.3 Stealth


You had 4 spell levels left.
You didn't know any spells.

Dungeon Overview and Level Annotations

Branches:
Dungeon (4/15)
 Temple: D:4-7

Altars:
Kikubaaqudgha


Innate Abilities, Weirdness & Mutations

You are small and have problems with some larger weapons.
You are carnivorous and can eat meat at any time.


Message History

The orc priest is poisoned.
Firing (i - inventory. (,) - cycle):
e - 6 poisoned needles (quivered)
Press: ? - help, Shift-Dir - straight line, f/p - orc priest
Aim: an orc priest, wielding a hand axe (moderately wounded, poisoned)
You shoot a poisoned needle.
The poisoned needle closely misses the orc priest.
The poisoned needle hits the orc!
The orc looks even sicker.
The orc is moderately wounded.
You kill the orc!
Your Short Blades skill increases to level 7!
The orc priest closely misses you.
Unknown command.
You see here a bread ration.
Drink which item? (? for menu, Esc to quit)
It was a potion of curing.
You feel better.
The orc priest hits you with a hand axe.
* * * LOW HITPOINT WARNING * * *
The orc priest invokes the aid of Beogh against you.
Pain shoots through your body!
You die...

........#..........#
....................#
#.#.#.8>#..........#
#_########.##### #
#.# #.# #.# #.# #@#
#.# #o# #.# #.# .##
#.# .... #o# .....
#)# .....# #(.....#


You could see an orc priest and an orc.

Vanquished Creatures
  A worker ant (D:4)
  5 adders
  A worm (D:2)
  4 giant geckos
  An ooze (D:2)
  3 orcs
  2 giant cockroaches (D:2)
  5 hobgoblins
  11 jackals (D:2)
  A quokka (D:2)
  7 bats
  5 giant newts
  10 goblins
  4 kobolds
  3 rats
63 creatures vanquished.

Notes
Turn   | Place    | Note
--------------------------------------------------------------
     0 | D:1      | wojtek, the Kobold Assassin, began the quest for the Orb.
     0 | D:1      | Reached XP level 1. HP: 12/12 MP: 1/1
   543 | D:1      | Reached XP level 2. HP: 14/17 MP: 2/2
  1076 | D:2      | Reached XP level 3. HP: 21/21 MP: 3/3
  1396 | D:2      | Reached skill level 5 in Short Blades
  1429 | D:2      | Reached XP level 4. HP: 19/26 MP: 4/4
  1949 | D:2      | Reached skill level 6 in Short Blades
  2225 | D:2      | Reached XP level 5. HP: 30/30 MP: 5/5
  2631 | D:3      | Found an ancient bone altar of Kikubaaqudgha.
  2673 | D:3      | Reached skill level 7 in Short Blades
  2678 | D:3      | Killed from afar by an orc priest

Action                   |  1- 3 |  4- 6 || total
-------------------------+-------+-------++-------
Melee: Dagger            |    83 |   109 ||   192
 Fire: Blowgun           |       |     5 ||     5
  Use: Potion            |       |     1 ||     1
 Stab: Sleeping          |     4 |    10 ||    14
       Distracted        |     2 |       ||     2
  Eat: Chunk             |    10 |     4 ||    14
